 Dungeon Crawl Stone Soup version 0.27.1-3-gb3d3a73c9e (webtiles) character file.

Game seed: 7971745213420465101

92 Urokeeper the Bolt Thrower (level 4, -2/28 HPs)
             Began as a Kobold Hunter on Oct 14, 2021.
             Slain by Purgy (4 damage)
             ... on level 3 of the Dungeon.
             The game lasted 00:02:58 (2471 turns).

Urokeeper the Bolt Thrower (Kobold Hunter)          Turns: 2471, Time: 00:02:59

Health: -2/28      AC:  4    Str:  9    XL:     4   Next: 90%
Magic:  4/4        EV: 14    Int: 12    God:
Gold:   34         SH:  0    Dex: 16    Spells: 3/3 levels left

rFire    . . .     SeeInvis .   i - +1 short sword (elec)
rCold    . . .     Faith    .   (shield restricted)
rNeg     . . .     Spirit   .   c - +0 leather armour
rPois    .         Reflect  .   (no helmet)
rElec    .         Harm     .   m - +0 cloak
rCorr    .         Rampage  .   (no gloves)
Will     .....                  (no boots)
Stlth    +++.......             (no amulet)
HPRegen  0.09/turn              (no ring)
MPRegen  0.09/turn              (no ring)

@: no status effects
A: small, no large weapons, nightstalker 3
a: no special abilities


You were on level 3 of the Dungeon.
You visited 1 branch of the dungeon, and saw 3 of its levels.

You collected 34 gold pieces.

Inventory:

Hand Weapons
 a - a +1 hand crossbow
 b - a +0 short sword
 i - a +1 short sword of electrocution (weapon)
Missiles
 k - 2 throwing nets
Armour
 c - a +0 leather armour (worn)
 m - a +0 cloak (worn)
Scrolls
 e - a scroll of enchant weapon {unknown}
 f - a scroll of identify {unknown}
 g - a scroll of amnesia {unknown}
 j - a scroll of magic mapping {unknown}
 l - a scroll of holy word {unknown}
 n - a scroll of acquirement {unknown}
 o - a scroll of enchant armour {unknown}
 p - a scroll of immolation {unknown}
Potions
 h - a potion of invisibility {unknown}


   Skills:
 * Level 3.3 Fighting
 * Level 5.7 Crossbows
 + Level 3.1 Dodging
 + Level 2.7 Stealth


You had 3 spell levels left.
You didn't know any spells.
Your spell library contained the following spells:

 Spells                   Type           Power      Damage    Failure   Level
 Slow                     Hex            0%         N/A       56%         2
 Confusing Touch          Hex            0%         N/A       80%         3
 Vampiric Draining        Necr           0%         2d6       80%         3


Dungeon Overview and Level Annotations

Branches:
Dungeon (3/15)

Altars:

Annotations:
D:3 Purgy


Innate Abilities, Weirdness & Mutations

You are small and have problems with some larger weapons.
You are completely attuned to the shadows.


Message History

You hear the crackle of electricity.
i - a +1 short sword of electrocution (weapon)
You hit Purgy.
Purgy is heavily wounded.
Purgy bites you. Purgy claws you. Purgy claws you but does no damage.
You hit Purgy.
Purgy is heavily wounded.
Purgy barely misses you. Purgy claws you. Purgy claws you but does no damage.
You hit Purgy.
Purgy is severely wounded.
Purgy bites you. Purgy closely misses you. Purgy misses you. x2
Purgy claws you. x2
You barely miss Purgy.
Purgy is severely wounded.
Purgy closely misses you. Purgy claws you but does no damage. x2
You hit Purgy.
Purgy is severely wounded.
Purgy closely misses you. Purgy claws you but does no damage.
Purgy closely misses you.
You miss Purgy.
Purgy is severely wounded.
Purgy misses you. Purgy claws you but does no damage. x2
You closely miss Purgy.
Purgy is severely wounded.
Purgy misses you. x2; Purgy claws you but does no damage.
You barely miss Purgy.
Purgy is severely wounded.
Purgy completely misses you. Purgy claws you.
* * * LOW HITPOINT WARNING * * *
Purgy closely misses you.
You hit Purgy.
Purgy is severely wounded.
Purgy bites you but does no damage. Purgy closely misses you.
Purgy barely misses you.
You hit Purgy but do no damage.
Purgy is severely wounded.
Purgy bites you.
* * * LOW HITPOINT WARNING * * *
Purgy claws you but does no damage. Purgy claws you.
You die...

#..# #...........#.#
.###.###########>....#..##.#
....................##..##.#
####.############..##...##.#
#.....................###.#
#.#.############..#...###.#
#.#.# ######..........#
#.#.# ............#####
#.#.. ##.@......## ###.#
#.T......# ....# ...(......#
##### .).(.......# .##((....


You could see Purgy.

Vanquished Creatures
  Terence (D:2)
  A gnoll (D:1)
  2 dart slugs
  5 endoplasms
  A giant cockroach (D:2)
  6 goblins
  7 hobgoblins
  7 jackals
  4 ball pythons
  A bat (D:1)
  4 frilled lizards
  4 kobolds (D:1)
  5 rats
48 creatures vanquished.

Vanquished Creatures (others)
  A fungus (D:1)
1 creature vanquished.

Grand Total: 49 creatures vanquished

Notes
Turn   | Place    | Note
-------+----------+-------------------------------------------
     0 | D:1      | Urokeeper the Kobold Hunter began the quest for the Orb.
     0 | D:1      | Reached XP level 1. HP: 12/12 MP: 1/1
   148 | D:1      | Reached skill level 5 in Crossbows
   148 | D:1      | Reached XP level 2. HP: 18/18 MP: 2/2
   515 | D:1      | Reached XP level 3. HP: 22/22 MP: 3/3
   622 | D:1      | Found a faded altar of an unknown god.
  1426 | D:2      | Noticed Terence
  1433 | D:2      | Killed Terence
  1434 | D:2      | Reached XP level 4. HP: 18/28 MP: 4/4
  2451 | D:3      | Noticed Purgy
  2471 | D:3      | Slain by Purgy

Illustrated notes

Levels and vault maps discovered:
D:1:      heliophobic_arrival_battle_scene, layout_basic,
          dreamdust_ecumenical_altar_hidden_monk_grotto
D:2:      layout_basic, uniq_terence
D:3:      layout_loops_ring, uniq_purgy

Skill      XL: |  1  2  3 |
---------------+----------+-----
Crossbows      | 5 |  5.7
Stealth        | 2 |  2.7
Fighting       | 3 |  3.3
Dodging        | 3 |  3.1

Action                   |  1- 3 |  4- 6 || total
-------------------------+-------+-------++-------
Melee: Short sword       |       |    10 ||    10
 Fire: Hand crossbow     |    68 |    45 ||   113
Armor: Leather armour    |     9 |    20 ||    29
Dodge: Dodged            |    37 |    49 ||    86
